Zazza, neutral female human Tourist `###)######### ---------- ------------- ----- # |......<.| |...........| ##....-# # .........| ------ #|...........| # |...|# ###|........| |....-#####|............# ### -----###########-........| |....| ##....>.......|# # ### # ---.------ |....| # |......{....|### # # # ## |..... ------------- # # ############### # ----.- ###---------# #----------# ### # #........-# #|........|# # ##### |.......| #|........|# ### ---------|-- |>......| #|.........# # |.......$@.| |.......| #|........|# ### |!%..!..f@.| |.......| #.........|# # |!%!.]%.%.%| |.......| |........|`########## ## |!%%..%...%| --------- ---------- -.---.-- ------------ |......| |......| -------- Zazza the Rambler Experience level: 2 Strength: 18/01 Dexterity: 7 Constitution: 14 Intelligence: 11 Wisdom: 6 Charisma: 18 Health: 0(18) Energy: 5(5) Def: 1 Gold: 0 Moves: 1791 Dungeon seed: W6gAxIb7CvIPZ6pd Game ID: Zazza_1564609279 Your Inventory: Weapons a - 20 +2 darts (in quiver) p - a +0 orcish dagger (weapon in hand) q - a blessed +1 spear v - a +1 crossbow Armor e - an uncursed +0 Hawaiian shirt (being worn) n - a blessed +0 orcish helm (being worn) H - an uncursed +0 dwarvish cloak Comestibles b - 5 uncursed food rations c - 2 uncursed eggs d - an uncursed lembas wafer f - an uncursed tripe ration Scrolls j - 3 uncursed scrolls of magic mapping u - a blessed scroll of genocide w - an uncursed scroll of teleportation Spellbooks B - an uncursed spellbook of light Potions t - an uncursed potion of restore ability F - an uncursed potion of blindness Rings s - an uncursed ring of teleport control (on left hand) D - a cursed ring of stealth Wands G - a wand of teleportation (0:5) Tools l - an expensive camera (0:50) m - an uncursed credit card o - an uncursed brass lantern (0:1312) Gems r - an uncursed worthless piece of blue glass y - 2 uncursed worthless pieces of yellowish brown glass z - an uncursed worthless piece of red glass N - an uncursed worthless piece of violet glass Y - an uncursed worthless piece of orange glass Spells and supernatural/magical abilities: Name Level Category Fail Memory W - pray for help -- divine ? -- Your skills at the end: Fighting Skills Weapon Skills dart [Basic] Spellcasting Skills Final Attributes: You were haltingly aligned. You were stunned. You were confused. You had teleport control. You are dead. Vanquished creatures: a gas spore a hobbit a brown mold a red mold 4 geckos 10 jackals 2 goblins 4 sewer rats 3 grid bugs a bat 2 lichens 4 newts 34 creatures vanquished. Voluntary challenges: You were an atheist. You used a wielded weapon 6 times, starting on turn 867. You read items or engraved 7 times, starting on turn 302. You never genocided any monsters. You never polymorphed an object. You never changed form. You used no wishes. You never split a pudding. You never wrote Elbereth's name. You violated your moral code, losing 1 point of alignment, starting on turn 1790. Dungeon overview: The Dungeons of Doom: levels 1 to 4 Level 1 a fountain a long staircase Level 2 a fountain Level 3 Level 4 <- You were here a delicatessen, a fountain a long staircase History has recorded: On T:1 you entered the Dungeons of Doom to retrieve the Amulet of Yendor! On T:550 you reached level 2 of The Dungeons of Doom. On T:935 you reached level 3 of The Dungeons of Doom. On T:1325 you reached level 4 of The Dungeons of Doom. On T:1694 you advanced to experience level 2. Score breakdown: Gold: 0 ( 0 points) Experience: 2 levels ( 5570 points) Exploration: 4 levels ( 7.69%) ( 7276 points) Discoveries: 1 item ( 0.34%) ( 1737 points) Valuables value: (no points given unless you survive) Artifact value: 0 ( 0 points) Variety of kills: 12 monsters ( 3.15%) ( 5324 points) Turncount: 1791 turns ( 0 points) Survival: died (score multiplied by 80%) Total score: 15925 Latest messages: You stop. Armand is in the way! You feel slightly confused. You stop. Armand is in the way! You see here a magenta potion (44 zorkmids). You can't seem to think straight. You see here a food ration (40 zorkmids). You see here a magenta potion (44 zorkmids). You feel incredibly sick. You see here 2 food rations (80 zorkmids). (2x) You suddenly vomit! You're done throwing up. You see here a food ration (40 zorkmids). You start talking, but nobody seems to hear you. Djombang gets angry! You bump into Djombang. Djombang zaps a runed wand! The wand hits you! The wand misses it. A magenta potion shatters! You find yourself reading the first line over and over again. Djombang zaps a wand of striking! The wand hits you! You die... Djombang takes all your possessions. Final status: Aloha Zazza the Tourist, killed by a wand, while absorbed in a spellbook... You died in The Dungeons of Doom on dungeon level 4 with 15925 points, and 0 pieces of gold, after 1791 moves. You were level 2 with a maximum of 18 hit points when you died.